 Dungeon Crawl Stone Soup version 0.30.0-3-ga4e48a9924 (webtiles) character file.

Game seed: 3943962104341115177

26304 Esekla the Carver (level 13, -10/103 HPs)
             Began as a Formicid Wanderer on May 7, 2023.
             Was a Priest of Ashenzari.
             Mangled by a reaper
             ... wielding a +1 scythe of freezing
              (20 damage)
             ... in an ice cave.
             The game lasted 02:02:20 (16708 turns).

Esekla the Carver (Formicid Wanderer)              Turns: 16708, Time: 02:02:21

Health: -10/103    AC: 12    Str: 17    XL:     13   Next: 57%
Magic:  26/26      EV: 16    Int: 23    God:    Ashenzari [***...]
Gold:   1101       SH:  0    Dex: 22    Spells: 3/31 levels left

rFire   x . .        v - +4 scimitar
rCold   + . .        C - +0 buckler of Ashenzari's Prison {Cun, Melee} (curse)
rNeg    + . .        K - +0 steam dragon scales of the Cursed Gnosis {Evo, Melee} (curse)
rPois   .            (helmet unavailable)
rElec   .            A - +1 cloak
rCorr   .            I - +2 pair of gloves {Str+3}
SInv    +            F - +0 pair of boots of Ashenzari's Omen {Melee, Self} (curse)
Will    +....        O - amulet "Raad Ree" {Acrobat rF- rC+ rN+}
Stlth   ++           m - ring of the Unmoving One {Int+6, Elem, Cun} (curse)
HPRegen 0.37/turn    p - +6 ring of dexterity
MPRegen 0.20/turn

%: acrobat, clarity
@: confused, mighty, ambrosia-drunk
A: permanent stasis, dig shafts and tunnels, antennae 3, four strong arms
a: Dig, Renounce Religion, Shatter the Chains


You were in an ice cave.
You worshipped Ashenzari.
Ashenzari was most pleased with you.
You visited 2 branches of the dungeon, and saw 14 of its levels.
You also visited: Bailey and Ice Cave.

You collected 1482 gold pieces.
You spent 381 gold pieces at shops.

Inventory:

Hand Weapons
 a - a +2 great sword of freezing
 r - a +0 spear of freezing
 s - a +3 dagger of venom
 v - a +4 scimitar (weapon)
Missiles
 e - 51 poisoned darts
 j - 2 throwing nets
 t - 19 curare-tipped darts
 w - 21 boomerangs (quivered)
Armour
 k - a +2 kite shield
 q - a +1 plate armour of cold resistance
 u - a +2 helmet of intelligence
 A - a +1 cloak (worn)
 C - the cursed +0 buckler of Ashenzari's Prison (worn) {Cun, Melee}
   (You found it on level 6 of the Dungeon)

   It has a curse which improves the following skills: Cunning: Dodging and
   Stealth.
   Melee Combat: Short Blades, Long Blades, Axes, Maces & Flails, Polearms,
   Staves and Unarmed Combat.
 F - the cursed +0 pair of boots of Ashenzari's Omen (worn) {Melee, Self}

   It has a curse which improves the following skills: Melee Combat: Short
   Blades, Long Blades, Axes, Maces & Flails, Polearms, Staves and Unarmed
   Combat.
   Introspection: Fighting and Spellcasting.
 I - a +2 pair of gloves of strength (worn)
 K - the cursed +0 steam dragon scales of the Cursed Gnosis (worn) {Evo, Melee}
   (You found it on level 10 of the Dungeon)

   It has a curse which improves the following skills: Evocations: Evocations.
   Melee Combat: Short Blades, Long Blades, Axes, Maces & Flails, Polearms,
   Staves and Unarmed Combat.
 N - the +3 scale mail "Rafoerchi" {rC+ Str-2 Int+7}
   (You found it on level 12 of the Dungeon)

   Str:       It affects your strength (-2).
   Int:       It affects your intelligence (+7).
   rC:        It protects you from cold.
Magical Staves
 d - a staff of death
Jewellery
 m - the cursed ring of the Unmoving One (left hand) {Int+6, Elem, Cun}
   (You found it on level 7 of the Dungeon)

   [ring of intelligence]

   Int:       It affects your intelligence (+6).
   It has a curse which improves the following skills: Elements: Fire Magic, Ice
   Magic, Air Magic and Earth Magic.
   Cunning:   Dodging and Stealth.
 n - a ring of poison resistance
 p - a +6 ring of dexterity (right hand)
 O - the amulet "Raad Ree" (around neck) {Acrobat rF- rC+ rN+}
   (You acquired it on level 13 of the Dungeon)

   [amulet of the acrobat]

   It increases your evasion while moving and waiting.
   rF:        It makes you vulnerable to fire.
   rC:        It protects you from cold.
   rN:        It protects you from negative energy.
Wands
 o - a wand of flame (47)
 D - a wand of roots (5)
 M - a wand of quicksilver (11)
Scrolls
 f - 5 scrolls of fear
 g - 2 scrolls of enchant weapon
 i - 4 scrolls of magic mapping
 y - 6 scrolls of amnesia
 E - a scroll of fog
Potions
 b - 2 potions of might
 c - a potion of resistance
 h - 9 potions of curing
 l - 6 potions of mutation
 G - 3 potions of flight


   Skills:
 * Level 8.4(9.9) Fighting
 + Level 6.1(11.1) Short Blades
 * Level 9.9(13.4) Long Blades
 + Level 1.7 Throwing
 + Level 4.5 Armour
 + Level 4.3(6.4) Dodging
 + Level 6.0(8.3) Stealth
 * Level 8.1 Shields
 * Level 7.9(9.5) Spellcasting
 * Level 3.6 Conjurations
 * Level 0.8 Summonings
 * Level 6.8 Necromancy
 * Level 6.0 Transmutations
 + Level 2.0(3.1) Fire Magic
 + Level 3.2(4.5) Air Magic
 + Level 7.3 Poison Magic
 + Level 1.1(2.1) Evocations


You had 3 spell levels left.
You knew the following spells:

 Your Spells              Type           Power      Damage    Failure   Level
c - Mephitic Cloud        Conj/Pois/Air  34%        N/A       2%          3
d - Vampiric Draining     Necr           42%        2d9       1%          3
i - Irradiate             Conj/Tmut      16%        3d17      26%         5
k - Airstrike             Air            15%        2d(3-19)  11%         4
p - Apportation           Tloc           20%        N/A       7%          1
s - Summon Lightning Spi  Summ/Air       23%        N/A       24%         4
u - Dispel Undead         Necr           42%        3d17      4%          4
x - Olgreb's Toxic Radia  Pois           44%        N/A       3%          4

Your spell library contained the following spells:

 Spells                   Type           Power      Damage    Failure   Level
 Foxfire                  Conj/Fire      100%       2x1d9     1%          1
 Sting                    Tmut/Pois      100%       1d8       1%          1
 Cigotuvi's Dreadful Rot  Necr/Pois/Air  78%        N/A       1%          2
 Static Discharge         Conj/Air       58%        2-5/arc   1%          2
 Slow                     Hex            40%        N/A       7%          1
 Volatile Blastmotes      Fire/Tloc      36%        2d13      11%         3
 Call Canine Familiar     Summ           14%        N/A       16%         3
 Confusing Touch          Hex            10%        N/A       22%         3
 Portal Projectile        Hex/Tloc       20%        N/A       22%         3
 Alistair's Intoxication  Tmut/Pois      27%        N/A       13%         5
 Blade Hands              Tmut           19%        N/A       17%         5
 Death Channel            Necr           21%        N/A       54%         6
 Leda's Liquefaction      Hex/Erth       5%         N/A       56%         4
 Conjure Ball Lightning   Conj/Air       14%        3x3d6     90%         6
 Dragon Form              Tmut           19%        N/A       99%         7
 Storm Form               Tmut/Air       17%        N/A       100%        7
 Discord                  Hex            5%         N/A       100%        8
 Disjunction              Tloc           5%         N/A       100%        8
 Maxwell's Capacitive Co  Air            15%        ∞         100%        8


Dungeon Overview and Level Annotations

Branches:
Dungeon (13/15)            Temple (1/1) D:4            Lair (0/5) D:8
    Orc (0/2) D:12         Bailey (visited)           IceCv (1/1)
 Vaults: D:13-14

Altars:
Ashenzari
Cheibriados
Dithmenos
Elyvilon
Fedhas
Gozag
Hepliaklqana
Kikubaaqudgha
Makhleb
Nemelex Xobeh
Okawaru
Qazlal
Ru
Sif Muna
Trog
Uskayaw
Vehumet
Wu Jian
Xom
Yredelemnul
Zin
The Shining One

Shops:
D:7 (   D:10 *   D:12 [

Portals:
Trove: D:10 (give +3 ice dragon scales)

Annotations:
D:3 1 runed translucent door
D:10 3 runed translucent doors, jasper's ghost, novice GrCA
D:11 1 runed translucent door, booth's ghost, journeyman GnSu


Innate Abilities, Weirdness & Mutations

You cannot be hasted, slowed, berserked, paralysed or teleported.
You can dig through walls and to a lower floor.
You have a pair of large antennae on your head. (SInv)
Your four strong arms can wield two-handed weapons with a shield.


Message History

Okay, then.
You closely miss the reaper.
The reaper is lightly wounded.
The reaper hits you with a +1 scythe of freezing!
The reaper freezes you.
* * * LOW HITPOINT WARNING * * *
Okay, then.
You closely miss the reaper.
The reaper is lightly wounded.
You block the white imp's attack.
The reaper hits you with a +1 scythe of freezing!
* * * LOW HITPOINT WARNING * * *
The reaper freezes you.
* * * LOW HITPOINT WARNING * * *
You are confused.
You feel invigorated.
The white imp grins evilly.
The white imp misses you. The reaper hits you but does no damage.
The reaper attacks as you move away!
The reaper hits you with a +1 scythe of freezing!
* * * LOW HITPOINT WARNING * * *
The reaper freezes you.
* * * LOW HITPOINT WARNING * * *
The white imp completely misses you.
The reaper hits you from afar with a +1 scythe of freezing.
* * * LOW HITPOINT WARNING * * *
You bump into the ice covered rock wall.
The white imp hits you.
* * * LOW HITPOINT WARNING * * *
The white imp freezes you. You resist.
* * * LOW HITPOINT WARNING * * *
The reaper hits you from afar with a +1 scythe of freezing.
* * * LOW HITPOINT WARNING * * *
The reaper freezes you.
* * * LOW HITPOINT WARNING * * *
The white imp hits you but does no damage.
You bump into the ice covered rock wall.
The white imp barely misses you.
The reaper hits you from afar with a +1 scythe of freezing!!
You die...

#§§..... , , ,§§§.....,, ∩
, ,* , ☼§...., ,* * ,
###☼.#####* { ##
#≈~§##...### * ..##
~~~#~..##..## #....
~#~~.#####..# #.....
####....#..########*#..{5#
#.....#..#...##.@.##...#
#.⌠.#########.25##...#
#...# ########## #####


You could see a reaper and a white imp.

Vanquished Creatures
  Rupert (D:12)
  A catoblepas (D:8)
  A boulder beetle (D:8)
  A deep elf pyromancer (D:12)
  2 manticores (D:12)
  An ugly thing (D:12)
  A cyclops (D:11)
  2 rust devils
  2 gargoyles
  A smoke demon (D:12)
  An ice statue (IceCv)
  A kobold demonologist (D:10)
  Maggie (D:10)
  2 unseen horrors (D:12)
  2 anaconda simulacra (IceCv)
  3 ice devils (D:12)
  2 red devils (D:12)
  3 trolls
  2 hornets
  13 slime creatures
  8 shadows
  6 wraiths (D:12)
  2 vampires
  12 yaks
  2 basilisks (D:12)
  4 wyverns
  3 chaos spawn (D:12)
  3 steam dragons
  Grum (D:10)
  2 vampire mosquitoes
  A harpy simulacrum (IceCv)
  A death yak simulacrum (IceCv)
  An acid dragon (D:12)
  3 water moccasins
  A hydra simulacrum (IceCv)
  3 ice beasts
  A black bear (D:6)
  8 orc warriors
  3 sky beasts
  4 centaurs
  An ogre (D:5)
  4 wolves (D:10)
  4 phantoms
  10 kobold brigands
  4 bullfrogs
  3 gnoll sergeants
  3 scorpions
  2 cane toad simulacra (IceCv)
  6 two-headed ogre simulacra (IceCv)
  19 wights
  8 killer bees
  2 elephant simulacra (IceCv)
  8 howler monkeys
  3 hounds
  4 orc priests
  A gnoll bouda (D:5)
  A human zombie (D:5)
  4 iguanas
  2 sleepcaps (D:6)
  Ijyb (D:4)
  6 orc wizards
  3 polar bear simulacra (IceCv)
  4 troll simulacra (IceCv)
  6 spriggan simulacra (IceCv)
  2 wolf simulacra (IceCv)
  8 ogre zombies (D:12)
  28 gnolls
  5 naga simulacra (IceCv)
  4 adders
  2 shadow imps
  5 white imps
  4 ufetubi
  4 worms
  23 orcs
  6 ball pythons
  6 bats
  8 endoplasms
  3 giant cockroaches
  9 hobgoblins
  9 jackals
  5 quokkas
  2 frilled lizards (D:2)
  16 goblins
  A goblin skeleton (D:12)
  3 goblin zombies
  A hobgoblin skeleton (D:12)
  4 hobgoblin zombies (D:12)
  A jackal zombie (D:3)
  30 kobolds
  A kobold zombie (D:3)
  6 orc skeletons (D:12)
  11 orc zombies (D:12)
  6 rats
434 creatures vanquished.

Vanquished Creatures (others)
  A deep elf pyromancer (D:12)
  4 demonic plants (D:12)
  2 withered plants (D:11)
7 creatures vanquished.

Grand Total: 441 creatures vanquished

Notes
Turn   | Place    | Note
-------+----------+-------------------------------------------
     0 | D:1      | Esekla the Formicid Wanderer began the quest for the Orb.
     0 | D:1      | Esekla set off with the following items: a +0 dagger, a
                  | potion of might, a +0 leather armour, a +0 pair of boots;
                  | and the following spells available to memorise: Sting,
                  | Foxfire, Mephitic Cloud, Olgreb's Toxic Radiance, Volatile
                  | Blastmotes.
     0 | D:1      | Reached XP level 1. HP: 13/13 MP: 3/3
     8 | D:1      | Learned a level 1 spell: Sting
    41 | D:1      | Reached XP level 2. HP: 7/19 MP: 1/5
   502 | D:1      | Reached XP level 3. HP: 24/24 MP: 5/7
   533 | D:1      | Learned a level 3 spell: Mephitic Cloud
   953 | D:1      | Reached skill level 1 in Armour
   984 | D:1      | Found a faded altar of an unknown god.
   989 | D:1      | Prayed at the altar of an unknown god.
   989 | D:1      | Became a worshipper of Elyvilon the Healer
   989 | D:1      | Reached * piety under Elyvilon
  1398 | D:2      | Reached XP level 4. HP: 31/31 MP: 2/8
  1815 | D:3      | Reached ** piety under Elyvilon
  1829 | D:3      | Found a runed translucent door.
  1829 | D:3      | Noticed a human
  2226 | D:3      | Found a basalt altar of Yredelemnul.
  2833 | D:3      | Found a blossoming altar of Fedhas.
  2955 | D:4      | You fall into a shaft and drop 2 floors!
  2974 | D:6      | Noticed a black bear
  2976 | D:6      | Noticed a sky beast
  3028 | D:6      | Reached *** piety under Elyvilon
  3035 | D:5      | Entered Level 5 of the Dungeon
  3078 | D:4      | Found a white marble altar of Elyvilon.
  3178 | D:4      | Reached XP level 5. HP: 36/36 MP: 6/10
  3356 | D:4      | Found a staircase to the Ecumenical Temple.
  3366 | D:4      | Reached skill level 1 in Fighting
  3367 | Temple   | Entered the Ecumenical Temple
  3609 | Temple   | Fell from the grace of Elyvilon
  3609 | Temple   | Became a worshipper of Ashenzari the Shackled
  3776 | D:4      | Found an iron altar of Okawaru.
  4022 | D:4      | Reached skill level 1 in Necromancy
  4027 | D:4      | Learned a level 3 spell: Vampiric Draining
  4111 | D:4      | Reached skill level 1 in Stealth
  4391 | D:4      | Noticed Ijyb
  4411 | D:4      | Killed Ijyb
  4412 | D:4      | Reached skill level 1 in Short Blades
  4579 | D:5      | Reached XP level 6. HP: 43/43 MP: 11/11
  4615 | D:5      | Reached skill level 1 in Air Magic
  4719 | D:5      | Reached skill level 1 in Conjurations
  4877 | D:5      | Found a bloodstained altar of Trog.
  4952 | D:5      | Noticed an ogre
  5073 | D:5      | Killed an ogre
  5074 | D:5      | Reached XP level 7. HP: 49/49 MP: 6/13
  5164 | D:5      | Found a shimmering altar of Xom.
  5276 | D:5      | Found a shimmering altar of Xom.
  5394 | D:5      | Noticed a water moccasin
  5425 | D:5      | Killed a water moccasin
  5426 | D:5      | Reached skill level 1 in Transmutations
  5863 | D:5      | Learned a level 4 spell: Olgreb's Toxic Radiance
  5916 | D:5      | Reached XP level 8. HP: 56/56 MP: 10/15
  6017 | D:6      | Reached * piety under Ashenzari
  6017 | D:6      | Identified a scroll of acquirement
  6491 | D:6      | Found a hazy altar of Hepliaklqana.
  6716 | D:6      | Reached skill level 5 in Spellcasting
  6972 | D:6      | Reached ** piety under Ashenzari
  7010 | D:6      | Reached skill level 1 in Throwing
  7010 | D:6      | Reached XP level 9. HP: 65/65 MP: 18/18
  7527 | D:7      | Reached skill level 1 in Shields
  7884 | D:7      | Reached skill level 5 in Short Blades
  7890 | D:7      | Found Eval's Weapon Shop.
  8454 | D:7      | Noticed a hornet
  8461 | D:7      | Killed a hornet
  8462 | D:7      | Reached skill level 5 in Fighting
  8462 | D:7      | Reached XP level 10. HP: 41/76 MP: 13/20
  8694 | D:8      | Reached *** piety under Ashenzari
  8799 | D:8      | Reached skill level 1 in Long Blades
  8848 | D:8      | Found a staircase to the Lair.
  9056 | D:8      | Reached skill level 2 in Long Blades
  9065 | D:8      | Reached skill level 3 in Long Blades
  9080 | D:8      | Reached skill level 4 in Long Blades
  9170 | D:8      | Reached skill level 5 in Long Blades
  9188 | D:8      | Reached skill level 5 in Shields
  9325 | D:8      | Noticed a boulder beetle
  9338 | D:8      | Killed a boulder beetle
  9339 | D:8      | Reached XP level 11. HP: 84/84 MP: 19/22
  9363 | D:8      | Noticed a catoblepas
  9392 | D:8      | Reached skill level 6 in Long Blades
  9397 | D:8      | Killed a catoblepas
  9398 | D:8      | Reached skill level 5 in Necromancy
  9521 | D:8      | Learned a level 4 spell: Airstrike
  9626 | D:9      | Reached skill level 5 in Poison Magic
  9672 | D:9      | Found an ornate altar of the Wu Jian Council.
  9690 | D:9      | Found a flagged portal.
  9718 | Bailey   | Entered a bailey
  9809 | Bailey   | Found an iron altar of Okawaru.
  9823 | Bailey   | Reached skill level 5 in Stealth
 10368 | D:9      | Found a radiant altar of Vehumet.
 10570 | D:10     | Entered Level 10 of the Dungeon
 10613 | D:10     | Found a portal to a secret trove of treasure.
 10672 | D:10     | Found a runed translucent gate.
 10672 | D:10     | Found a runed translucent gate.
 10672 | D:10     | Found a runed translucent gate.
 10716 | D:10     | Found a stormy altar of Qazlal.
 10729 | D:10     | Noticed Maggie
 10784 | D:10     | Killed Maggie
 10859 | D:10     | Reached XP level 12. HP: 68/94 MP: 20/24
 10982 | D:10     | Found Lecyutz's Changing Room.
 10982 | D:10     | Noticed Grum
 11012 | D:10     | Killed Grum
 11074 | D:10     | Found a sparkling altar of Nemelex Xobeh.
 11144 | D:10     | Noticed jasper's ghost (novice GrCA)
 11423 | D:10     | Found a shadowy altar of Dithmenos.
 11460 | D:10     | Reached skill level 7 in Long Blades
 11699 | D:11     | Found a runed translucent door.
 11700 | D:11     | Noticed booth's ghost (journeyman GnSu)
 13000 | D:12     | Found an opulent altar of Gozag.
 13055 | D:12     | Identified the +3 scale mail "Rafoerchi" {rC+ Str-2 Int+7}
 13245 | D:12     | Found a staircase to the Orcish Mines.
 13325 | D:12     | Identified the +4 sling "Murmur" {freeze, Stlth+}
 13337 | D:12     | Reached skill level 8 in Long Blades
 13688 | D:12     | Reached XP level 13. HP: 68/101 MP: 25/25
 13852 | D:12     | Reached skill level 5 in Transmutations
 13862 | D:12     | Reached skill level 9 in Long Blades
 14368 | D:12     | Found Vyadeisa's Antique Armour Shoppe.
 14597 | D:12     | Noticed Rupert
 14708 | D:12     | Upgraded the game from 0.30.0 to 0.30.0-3-ga4e48a9924
 14731 | D:12     | Killed Rupert
 14934 | D:12     | Bought a glowing kite shield for 127 gold pieces
 14934 | D:12     | Bought a pair of glowing gloves for 127 gold pieces
 14934 | D:12     | Bought a pair of glowing gloves for 127 gold pieces
 15118 | D:13     | Found a frozen archway.
 15136 | D:13     | Learned a level 5 spell: Irradiate
 15141 | D:13     | Learned a level 4 spell: Summon Lightning Spire
 15141 | D:13     | Acquired the amulet "Raad Ree" {Acrobat rF- rC+ rN+}
 15143 | D:13     | Acquired a book of Party Tricks
 15147 | D:13     | Learned a level 1 spell: Apportation
 15147 | D:13     | Acquired a book of Decay
 15154 | D:13     | Learned a level 4 spell: Dispel Undead
 15161 | D:13     | Reached **** piety under Ashenzari
 15177 | IceCv    | Entered an ice cave
 16502 | IceCv    | Noticed a reaper
 16705 | IceCv    | HP: 5/103 [reaper/+1 scythe of freezing (7)]
 16706 | IceCv    | HP: 2/103 [reaper/+1 scythe of freezing (1)]
 16708 | IceCv    | Mangled by a reaper

Illustrated notes

Levels and vault maps discovered:
D:1:      lightli_arrival_boilingwater, layout_rooms,
          shapermc_ecumenical_altar_petra
D:2:      layout_rooms, chequers_serial_rivers_micro_d, wad_floor_pattern_2
D:3:      layout_loops_corners, dk_yredelemnul_ordeal,
          nicolae_overflow_hidden_temple, grunt_decor_cap, grunt_ministairs_9
D:4:      kennysheep_goblin_castle, layout_loops_ring, amcnicky_altar_gilded,
          elyvilon_altar_1, minmay_temple_entry_drinking_statues, st_stairs_10,
          fountainhead, nrook_mini_vaults
D:5:      layout_loops_corners, lightli_temple_of_fire, xom_redecorated
D:6:      minmay_bubble_buster, layout_basic, nicolae_hepliaklqana_hippocampus,
          kennysheep_diamond
D:7:      layout_basic, serial_shops, shop
D:8:      minmay_chambers_of_sixes, layout_rooms, lair_entry_dummy
D:9:      layout_roguey, mainiacjoe_overflow_concentric_impassable,
          nicolae_overflow_crystal_walls, enter_bailey_3
D:10:     layout_roguey, mainiacjoe_overflow_alcove_2,
          overflow_temple_1_default, nicolae_qazlal_eye_of_the_storm,
          nicolae_trove_entry_diagonal, gammafunk_ghost_icy,
          nicolae_transmutations_shop, minmay_between, uniq_grum, uniq_maggie
D:11:     layout_basic, gammafunk_ghost_grave
D:12:     wad_guarded_room, layout_basic, zombieorc2_lemuel, serial_demonic,
          serial_demonic_e, serial_demonic_c, serial_demonic_c,
          serial_demonic_b, serial_demonic_f, serial_demonic_a,
          serial_demonic_c, serial_demonic_e, serial_shops, shop, st_stairs_2,
          grunt_gozag_breadcrumbs, uniq_rupert
D:13:     layout_basic, david_vaults_5, portal_ice_cave_entry_pillars_2
Temple:   dpeg_chambers_temple
IceCv:    ice_cave_caverns_03

Skill      XL: |  1  2  3  4  5  6  7  8  9 10 11 12 13 |
---------------+----------------------------------------+-----
Armour         | 1 2 3 4 |  4.5
Spellcasting   | 3 4 5 6 7 |  7.9
Fighting       | 1 2 5 7 8 |  8.4
Dodging        | 2 3 4 |  4.3
Necromancy     | 1 2 3 4 5 6 |  6.8
Stealth        | 1 2 3 5 6 |  6.0
Short Blades   | 1 2 4 5 6 |  6.1
Air Magic      | 1 2 3 |  3.2
Conjurations   | 1 2 3 |  3.6
Transmutations | 1 3 4 6 |  6.0
Throwing       | 1 |  1.7
Shields        | 2 5 6 7 8 |  8.1
Long Blades    | 5 6 8 9 |  9.9
Poison Magic   | 5 6 7 |  7.3
Summonings     | |  0.8
Fire Magic     | |  2.0
Evocations     | |  1.1

Action                     |  1- 3 |  4- 6 |  7- 9 | 10-12 | 13-15 || total
---------------------------+-------+-------+-------+-------+-------++-------
  Melee: Dagger            |   109 |   128 |   255 |   250 |    42 ||   784
         Punch             |     1 |     1 |     1 |       |       ||     3
         Great sword       |       |       |    10 |   173 |    36 ||   219
         Trident           |       |       |     1 |       |       ||     1
         Scimitar          |       |       |       |   172 |   138 ||   310
         Staff             |       |       |       |     5 |       ||     5
  Throw: Boomerang         |       |     6 |     9 |     3 |     4 ||    22
         Dart              |       |     1 |     9 |     9 |    10 ||    29
   Cast: Sting             |    43 |    36 |     4 |       |       ||    83
         Mephitic Cloud    |       |     5 |    13 |    29 |    15 ||    62
         Vampiric Draining |       |       |     7 |    12 |     6 ||    25
         Olgreb's Toxic Ra |       |       |       |     2 |       ||     2
         Airstrike         |       |       |       |     1 |     3 ||     4
         Dispel Undead     |       |       |       |       |    11 ||    11
         Irradiate         |       |       |       |       |     2 ||     2
 Invoke: Curse Item        |       |     1 |     2 |     2 |     1 ||     6
         Shatter the Chain |       |       |       |       |     2 ||     2
  Evoke: Wand              |       |       |       |       |     4 ||     4
    Use: Scroll            |       |       |     4 |       |     4 ||     8
         Potion            |       |       |       |     1 |     5 ||     6
   Stab: Sleeping          |       |    10 |     7 |    13 |     4 ||    34
         Confused          |       |     5 |     8 |    29 |     5 ||    47
         Distracted        |       |       |       |     1 |       ||     1
 Armour: Leather armour    |    42 |    35 |    55 |    51 |       ||   183
         Steam dragon scal |       |       |       |    28 |    39 ||    67
  Dodge: Dodged            |    84 |    69 |   159 |   276 |   129 ||   717
  Block: Buckler           |       |       |     6 |   134 |    62 ||   202
